Match 47459027
Unlisted

Match 47459027
End
Royal Engineer Section
Construct Section Command Post
Selects Australian Defense Battlegroup
Selects Australian Light Infantry Section
Dingo Light Scout Car
Australian Light Infantry Section
Selects 2-pounder Anti-tank Gun Team
Selects Defensive Tactics
Australian Light Infantry Section
Construct Platoon Command Post
Humber Armored Car
Australian Light Infantry Section
Unlock Bishop Self-propelled Artillery
Infantry Training
Selects Hold the Line!
Vickers Machine Gun Team
Selects CMP 15cwt Supply Run
Bishop Self-propelled Artillery
Bishop Self-propelled Artillery
Light Vehicle Training
Selects Reinforced Resource Caches
Construct Company Command Post
Hold the Line!
Royal Engineer Section
Crusader II Medium Tank
Crusader II Medium Tank
Armored Vehicle Training
Selects Archer Tank Destroyer
Carecup
WHAT CAN I SAY?
Jonnies
Major, Hou, Yu-Ih
[RN] Friedus
(Luke_NPG
NoCommentary
̶H̶e̶c̶t̶o̶r̶
0
0

Comments sign in to comment!

No comments posted yet!